 Dungeon Crawl Stone Soup version 0.25.1-3-ge44b62a0b3 (webtiles) character file.

Game seed: 3448818413042662077

28950 Allula97 the Severer (level 13, -1/124 HPs)
             Began as a Deep Dwarf Berserker on Nov 19, 2020.
             Was an Elder of Trog.
             Slain by a dire elephant (4 damage)
             ... while petrified by you
             ... on level 6 of the Lair of Beasts on Nov 20, 2020.
             The game lasted 00:50:25 (12614 turns).

Allula97 the Severer (Deep Dwarf Berserker)        Turns: 12614, Time: 00:50:26

Health: -1/124     AC: 25    Str: 25    XL:     13   Next: 12%
Magic:  14/14      EV:  2    Int: 11    God:    Trog [****..]
Gold:   628        SH:  0    Dex: 12    Spells: 12/12 levels left

rFire    . . .     SeeInvis .   l - +3 battleaxe
rCold    . . .     Gourm    .   (shield currently unavailable)
rNeg     + + +     Faith    .   k - +1 swamp dragon scales
rPois    ∞         Spirit   .   (no helmet)
rElec    .         Reflect  .   v - scarf {harm}
rCorr    .         Harm     +   q - +1 pair of gloves
MR       +++..                  m - +2 pair of boots {Fly}
Stlth    ++........             g - amulet of the acrobat
HPRegen  1.00/turn              r - +4 ring of protection
MPRegen  0.14/turn              a - +4 ring of evasion

@: petrified, berserk cooldown, flying, very slightly contaminated,
non-regenerating, invisible
A: damage resistance, heal wounds, icy blue scales 1, rugged brown scales 1,
slimy green scales 1, clever 1, sense surroundings 2, evolution 1, no
regeneration
a: Heal Wounds, Berserk, Trog's Hand, Brothers in Arms, Renounce Religion, Stop
Flying


You were on level 6 of the Lair of Beasts.
You worshipped Trog.
Trog was greatly pleased with you.
You were not hungry.

You visited 3 branches of the dungeon, and saw 15 of its levels.

You collected 628 gold pieces.

Inventory:

Hand Weapons
 l - a +3 battleaxe (weapon)
Missiles
 n - 15 atropa-tipped darts (quivered)
 p - 2 boomerangs of dispersal
 F - 9 curare-tipped darts
Armour
 k - +1 swamp dragon scales (worn)
 m - a +2 pair of boots of flying (worn)
 q - a +1 pair of gloves (worn)
 v - a scarf of harm (worn)
 y - the +3 ring mail of Pyigruro {MR+}
   (You found it on level 7 of the Dungeon)

   It affects your resistance to hostile enchantments.
Jewellery
 a - a +4 ring of evasion (right hand)
 g - an amulet of the acrobat (around neck)
 r - a +4 ring of protection (left hand)
 C - an uncursed ring of ice
Wands
 b - a wand of clouds (3)
 i - a wand of random effects (41)
 z - a wand of polymorph (5)
 B - a wand of iceblast (4)
 G - a wand of disintegration (7)
Scrolls
 e - 4 scrolls of teleportation
 f - 2 scrolls of immolation
 o - 3 scrolls of fog
 t - 6 scrolls of remove curse
 w - 3 scrolls of magic mapping
 x - 3 scrolls of fear
 A - a scroll of identify
 D - a scroll of blinking
 I - 2 scrolls of enchant weapon
Potions
 d - a potion of heal wounds
 h - 2 potions of curing
 j - 3 potions of haste
 u - a potion of might
 E - a potion of magic
 H - a potion of flight
 J - a potion of mutation
Comestibles
 c - 29 rations
 K - 11 chunks of flesh


   Skills:
 * Level 9.0 Fighting
 * Level 16.2 Axes
 - Level 1.5 Throwing
 * Level 9.1 Armour
 * Level 8.6 Dodging
 * Level 5.9 Stealth
 * Level 8.1 Evocations


You had 12 spell levels left.
You didn't know any spells.
Your spell library was empty.

Dungeon Overview and Level Annotations

Branches:
Dungeon (8/15)             Temple (1/1) D:7            Lair (6/6) D:8
 Shoals (0/4) Lair:3       Spider (0/4) Lair:2
  Slime: Lair:5-6

Altars:
Ashenzari
Cheibriados
Dithmenos
Elyvilon
Fedhas
Gozag
Hepliaklqana
Kikubaaqudgha
Makhleb
Nemelex Xobeh
Okawaru
Qazlal
Ru
Sif Muna
Trog
Uskayaw
Vehumet
Wu Jian
Xom
Yredelemnul
Zin
The Shining One


Innate Abilities, Weirdness & Mutations

You are resistant to damage.
You can heal yourself by infusing magical energy.
You passively map the area around you.
You do not regenerate.
You are partially covered in icy blue scales. (AC +2)
You are partially covered in rugged brown scales. (AC +1, +3% HP)
You are partially covered in slimy green scales. (AC +2)
Your mind is acute. (Int +2)
You evolve.


Message History

The death yak stops moving altogether!
The plant is no longer petrified.
The catoblepas closely misses you.
You have turned to stone.
The catoblepas gores you!
* * * LOW HITPOINT WARNING * * *
The dire elephant tramples you but does no damage.
The dire elephant trunk-slaps you but does no damage.
The catoblepas gores you!
* * * LOW HITPOINT WARNING * * *
The dire elephant tramples you but does no damage.
The dire elephant trunk-slaps you but does no damage.
The catoblepas breathes a plume of calcifying dust at you.
The blast of calcifying dust hits you but does no damage.
The dire elephant tramples you but does no damage.
The dire elephant trunk-slaps you but does no damage.
The catoblepas gores you!
* * * LOW HITPOINT WARNING * * *
The death yak barely misses you.
The dire elephant tramples you but does no damage.
The dire elephant trunk-slaps you!
You die...

#P....## ,
#.†.÷.# , , ,
##.#÷...#
##..#......#*
,, *
##..##Y....÷.
* , #P.P#
......8 ,
#.Y.# ...#...
, #.YY#
..#.#.. ,
#.Y@#,...#...
, ##.§# , ,
**, , #.§## ,
, 8 * #...# ,
*, #...## *
.# #.÷..#, 8
* .# #....##
* ##.#
##P...# #..#
##.÷.## **
##.÷.


You could see a dire elephant, 2 death yaks and a catoblepas.

Vanquished Creatures
  Gastronok (Lair:2)
  Snorg (Lair:3)
  Fannar (Lair:3)
  5 hydras
  2 two-headed ogres (D:8)
  4 death yaks
  Sonja (Lair:3)
  A lindwurm (Lair:5)
  2 orc sorcerers (D:7)
  A merfolk siren (Lair:3)
  3 black mambas
  3 elephants (Lair:5)
  2 torpor snails (Lair:3)
  4 spiny frogs
  A komodo dragon (Lair:1)
  A rime drake (Lair:1)
  A merfolk (Lair:3)
  6 polar bears
  7 hippogriffs
  3 blink frogs (Lair:3)
  Sigmund (D:4)
  13 yaks
  A redback (Lair:2)
  A wyvern (D:8)
  2 basilisks
  4 water moccasins
  10 porcupines
  5 orc warriors
  A sky beast (D:8)
  6 black bears
  4 phantoms
  5 ogres
  6 wolves (Lair:6)
  7 crocodiles
  13 bullfrogs
  3 scorpions
  4 killer bees (D:8)
  A centaur zombie (D:7)
  5 crimson imps
  A gnoll shaman (D:4)
  A centaur skeleton (D:3)
  2 jellies (D:5)
  6 orc priests
  3 hounds
  7 orc wizards
  3 iguanas
  2 worker ants (D:7)
  3 hound skeletons
  12 adders
  6 gnolls
  A howler monkey skeleton (D:6)
  3 shadow imps
  An adder skeleton (D:5)
  2 adder zombies
  4 worms
  A dart slug (D:2)
  5 leopard geckos
  30 orcs
  5 bats
  9 giant cockroaches
  6 goblins
  5 hobgoblins
  9 jackals
  2 frilled lizards (D:1)
  4 kobolds
  A leopard gecko skeleton (D:3)
  A quokka skeleton (D:3)
  A quokka zombie (D:8)
  4 rats
  2 fungi
  4 plants
288 creatures vanquished.

Vanquished Creatures (others)
  A bush (Lair:6)
  14 fungi
  10 plants
25 creatures vanquished.

Grand Total: 313 creatures vanquished

Notes
Turn   | Place    | Note
-------+----------+-------------------------------------------
     0 | D:1      | Allula97 the Deep Dwarf Berserker began the quest for the
                  | Orb.
     0 | D:1      | Reached XP level 1. HP: 20/20 MP: 1/1
   194 | D:1      | Reached XP level 2. HP: 22/27 MP: 2/2
   849 | D:2      | Reached skill level 1 in Stealth
   849 | D:2      | Reached XP level 3. HP: 33/34 MP: 3/3
   852 | D:2      | Reached skill level 4 in Axes
   861 | D:2      | Reached ** piety under Trog
  1477 | D:3      | Reached XP level 4. HP: 42/42 MP: 4/4
  1701 | D:3      | Reached XP level 5. HP: 49/49 MP: 5/5
  2039 | D:3      | Found an ornate altar of the Wu Jian Council.
  2085 | D:3      | Found a faded altar of an unknown god.
  2266 | D:3      | Reached skill level 5 in Axes
  2319 | D:4      | Reached skill level 1 in Throwing
  2457 | D:4      | Noticed Sigmund
  2471 | D:4      | Killed Sigmund
  2471 | D:4      | Reached XP level 6. HP: 48/57 MP: 6/6
  2595 | D:4      | Reached skill level 6 in Axes
  2742 | D:4      | Reached XP level 7. HP: 54/64 MP: 7/7
  2841 | D:4      | Reached *** piety under Trog
  2976 | D:4      | You are sucked into a shaft and drop 1 floor!
  2976 | D:5      | Entered Level 5 of the Dungeon
  3148 | D:5      | Reached skill level 7 in Axes
  3734 | D:5      | Reached XP level 8. HP: 50/73 MP: 8/8
  4146 | D:5      | Reached skill level 8 in Axes
  4346 | D:6      | Reached skill level 5 in Armour
  4608 | D:6      | Reached skill level 9 in Axes
  4681 | D:6      | Gained mutation: You tend to lose your temper in combat.
                  | [potion of mutation]
  4681 | D:6      | Gained mutation: You are clumsy. (Dex -2) [potion of
                  | mutation]
  4681 | D:6      | Gained mutation: You are partially covered in icy blue
                  | scales. (AC +2) [potion of mutation]
  4682 | D:6      | Lost mutation: You are clumsy. (Dex -2) [potion of
                  | mutation]
  4682 | D:6      | Lost mutation: You tend to lose your temper in combat.
                  | [potion of mutation]
  4682 | D:6      | Gained mutation: You evolve. [potion of mutation]
  4682 | D:6      | Gained mutation: You are partially covered in slimy green
                  | scales. (AC +2) [potion of mutation]
  4682 | D:6      | Gained mutation: Your mind is acute. (Int +2) [potion of
                  | mutation]
  4682 | D:6      | Gained mutation: You rapidly evolve. [potion of mutation]
  4959 | D:6      | Gained mutation: Your mind is very acute. (Int +4)
                  | [evolution]
  5070 | D:6      | Reached skill level 5 in Fighting
  5261 | D:7      | Gained mutation: You passively map the area around you.
                  | [Deep Dwarf growth]
  5261 | D:7      | Reached XP level 9. HP: 81/81 MP: 9/9
  5321 | D:7      | Reached **** piety under Trog
  5321 | D:7      | Reached skill level 1 in Evocations
  5329 | D:7      | Noticed an orc sorcerer
  5340 | D:7      | Reached skill level 5 in Dodging
  5348 | D:7      | Noticed a rust devil
  5354 | D:7      | Noticed an orc sorcerer
  5356 | D:7      | Noticed a hellwing
  5357 | D:7      | Noticed an ice devil
  5363 | D:7      | Killed an orc sorcerer
  5363 | D:7      | Reached skill level 10 in Axes
  5369 | D:7      | Noticed a soul eater
  5379 | D:7      | HP: 1/121 [soul eater[an orc sorcerer] (6)]
  5380 | D:7      | Killed an orc sorcerer
  5722 | D:7      | Got a jewelled ring mail
  5733 | D:7      | Identified the +3 ring mail of Pyigruro {MR+} (You found it
                  | on level 7 of the Dungeon)
  5766 | D:7      | Found a staircase to the Ecumenical Temple.
  5788 | Temple   | Entered the Ecumenical Temple
  6252 | D:7      | Lost mutation: Your mind is very acute. (Int +4)
                  | [evolution]
  6309 | D:7      | Found a sacrificial altar of Ru.
  6599 | D:8      | Reached skill level 11 in Axes
  6755 | D:8      | Noticed a two-headed ogre
  6763 | D:8      | Killed a two-headed ogre
  6763 | D:8      | Reached XP level 10. HP: 61/91 MP: 11/11
  6795 | D:8      | Reached skill level 12 in Axes
  6894 | D:8      | Found a staircase to the Lair.
  6932 | D:8      | Found an opulent altar of Gozag.
  6966 | D:8      | Noticed a two-headed ogre
  6972 | D:8      | Killed a two-headed ogre
  7417 | Lair:1   | Entered Level 1 of the Lair of Beasts
  7632 | Lair:1   | Reached skill level 13 in Axes
  7643 | Lair:1   | Noticed a spiny frog
  7653 | Lair:1   | Killed a spiny frog
  7653 | Lair:1   | Reached skill level 5 in Evocations
  7705 | Lair:1   | Reached XP level 11. HP: 80/99 MP: 13/13
  7750 | Lair:1   | Lost mutation: You rapidly evolve. [evolution]
  8409 | Lair:2   | Upgraded the game from 0.25.1-2-g60ff931df9 to
                  | 0.25.1-3-ge44b62a0b3
  8433 | Lair:2   | Found a hole to the Spider Nest.
  8580 | Lair:2   | Noticed a seven-headed hydra
  8961 | Lair:2   | Noticed Gastronok
  8975 | Lair:2   | Killed Gastronok
  8975 | Lair:2   | Reached skill level 14 in Axes
  9562 | Lair:3   | Noticed Sonja
  9576 | Lair:3   | Killed Sonja
  9669 | Lair:3   | Noticed a seven-headed hydra
  9675 | Lair:3   | Killed a seven-headed hydra
  9675 | Lair:3   | Reached XP level 12. HP: 110/110 MP: 11/13
  9692 | Lair:3   | Noticed a four-headed hydra
  9695 | Lair:3   | Killed a six-headed hydra
  9768 | Lair:3   | Noticed Fannar
  9777 | Lair:3   | Killed Fannar
  9777 | Lair:3   | Reached skill level 15 in Axes
  9845 | Lair:3   | Noticed an eight-headed hydra
  9855 | Lair:3   | Killed a 15-headed hydra
  9889 | Lair:3   | Noticed a death yak
  9900 | Lair:3   | Killed a death yak
 10092 | Lair:3   | Noticed Snorg
 10104 | Lair:3   | Killed Snorg
 10264 | Lair:3   | Found a staircase to the Shoals.
 10669 | Lair:4   | Got a translucent rapier
 10707 | Lair:4   | Reached skill level 5 in Stealth
 10802 | Lair:4   | Identified the cursed +0 rapier "Zujiutit" {elec, rF+ rC-
                  | Str+9 Dex-5} (You found it on level 4 of the Lair of
                  | Beasts)
 11446 | Lair:4   | Gained mutation: You are partially covered in rugged brown
                  | scales. (AC +1, +3% HP) [evolution]
 11562 | Lair:5   | Noticed a seven-headed hydra
 11579 | Lair:5   | Killed a 17-headed hydra
 11815 | Lair:5   | Noticed a four-headed hydra
 11821 | Lair:5   | Killed a four-headed hydra
 12473 | Lair:6   | Entered Level 6 of the Lair of Beasts
 12480 | Lair:6   | Reached skill level 16 in Axes
 12518 | Lair:6   | Reached XP level 13. HP: 104/123 MP: 15/15
 12582 | Lair:6   | Noticed a dire elephant
 12614 | Lair:6   | HP: 3/124 [catoblepas (8)]
 12614 | Lair:6   | Slain by a dire elephant

Illustrated notes

Levels and vault maps discovered:
D:1:      lightli_arrival_isolated_outpost, layout_basic,
          minmay_misc_feat_pillars
D:2:      layout_basic
D:3:      layout_rooms, nicolae_overflow_hidden_temple, serial_corexii_hall,
          chequers_hall_statues_wall_a, chequers_hall_statues_corner_a,
          chequers_ecumenical_altar_grove, bh_chokoban
D:4:      layout_basic, uniq_sigmund
D:5:      layout_basic, first_ration
D:6:      layout_basic
D:7:      cheibrodos_wizards_tower, layout_layer_cave,
          minmay_temple_entry_antechambers, nicolae_ru_path_of_blood
D:8:      layout_loops_ring, grunt_lair_entry_orc_guard_hut, basic_altar
Temple:   compressed_dpeg_circular_temple
Lair:1:   layout_small_grid, minmay_stone_trees_medium,
          nicolae_quartered_pool_little
Lair:2:   beast_lair_carwin_large_1, layout_cave_shapes, spider_nest_entry_webs,
          ldierk_geyser, uniq_gastronok
Lair:3:   layout_regular_city, elwin_shoals_entry_rooms,
          minmay_shattered_shrine, lemuel_fruit_tree, lemuel_fruit_fields,
          infiniplex_staircase_pool_2, serial_bayou_shore_b, uniq_sonja,
          uniq_fannar, uniq_snorg
Lair:4:   layout_layer_cave, minmay_stone_trees_small
Lair:5:   layout_hall_layers, chequers_serial_rivers_micro_c
Lair:6:   grunt_lair_end_beastmaster, layout_cave_pods, slime_altar_1,
          gammafunk_ghost_hydra_chop

Skill      XL: |  1  2  3  4  5  6  7  8  9 10 11 12 13 |
---------------+----------------------------------------+-----
Fighting       | 3 4 5 6 7 8 9 |  9.0
Stealth        | 1 3 5 |  5.9
Axes           | 4 5 6 7 9 11 13 14 16 | 16.2
Armour         | 3 4 5 7 8 9 |  9.1
Throwing       | 1 |  1.5
Dodging        | 3 4 5 6 7 8 |  8.6
Evocations     | 3 5 6 8 |  8.1

Action                   |  1- 3 |  4- 6 |  7- 9 | 10-12 | 13-15 || total
-------------------------+-------+-------+-------+-------+-------++-------
Melee: Hand axe          |    89 |   183 |    16 |       |       ||   288
       Battleaxe         |       |       |   337 |   379 |    25 ||   741
Throw: Dart              |       |       |       |     4 |       ||     4
Invok: Berserk           |     5 |     5 |    10 |    11 |     1 ||    32
       Trog's Hand       |     1 |     2 |     8 |     9 |     1 ||    21
 Abil: Heal Wounds       |       |     1 |     4 |    15 |     1 ||    21
       Stop Flying       |       |       |       |     1 |       ||     1
       Evoke Flight      |       |       |       |     1 |       ||     1
Evoke: Wand              |       |       |       |    13 |       ||    13
  Use: Scroll            |       |     5 |    12 |     9 |       ||    26
       Potion            |       |       |     2 |     5 |     1 ||     8
 Stab: Invisible         |       |       |       |     2 |     1 ||     3
       Sleeping          |       |       |       |     2 |       ||     2
       Petrified         |       |       |       |       |     2 ||     2
       Petrifying        |       |       |       |       |     1 ||     1
  Eat: Chunk             |     6 |     9 |    27 |    25 |     2 ||    69
       Ration            |       |       |       |     2 |       ||     2
Armor: Animal skin       |     3 |       |       |       |       ||     3
       Ring mail         |    31 |    68 |    86 |    21 |       ||   206
       Chain mail        |       |       |   109 |       |       ||   109
       Swamp dragon scal |       |       |       |   266 |    37 ||   303
Dodge: Dodged            |    50 |   130 |   295 |   374 |    24 ||   873
